 Dungeon Crawl Stone Soup version 0.20-a0-736-gd3249da (webtiles) character file.

333 M4edhros the Covert (level 6, -7/38 HPs)
             Began as an Octopode Artificer on Feb 22, 2017.
             Was a Believer of Wu Jian.
             Mangled by a phantom (9 damage)
             ... on level 4 of the Dungeon.
             The game lasted 00:03:26 (3037 turns).

M4edhros the Covert (Octopode Artificer)            Turns: 3037, Time: 00:03:27

Health: -7/38      AC:  8    Str: 15    XL:     6   Next: 52%
Magic:  8/8        EV: 10    Int: 14    God:    Wu Jian [**....]
Gold:   111        SH:  7    Dex: 14    Spells: 5/5 levels left

rFire    . . .     SeeInvis .   e - +1 short sword (protect)
rCold    . . .     Gourm    .   r - +0 shield
rNeg     . . .     Faith    .   (helmet restricted)
rPois    .         Spirit   .   (no amulet)
rElec    .         Reflect  .   g - ring of protection from magic
rCorr    .         Harm     .   m - +4 ring of strength
MR       +....                  (no ring)
Stlth    +++++.....             (no ring)
Regen    0.2/turn               (no ring)
MPRegen  0.2/turn               (no ring)
                                (no ring)
                                (no ring)

@: protection aura
A: almost no armour, stealthy swim, amphibious, 8 rings, constrict 8, camouflage
1, gelatinous body 1
a: Renounce Religion


You were on level 4 of the Dungeon.
You worshipped Wu Jian.
Wu Jian was pleased with you.
You were not hungry.

You visited 1 branch of the dungeon, and saw 4 of its levels.

You collected 111 gold pieces.

Inventory:

Hand Weapons
 a - a +0 short sword
 e - a +1 short sword of protection (weapon)
 i - a +0 blowgun
 o - a +0 mace of protection
Missiles
 l - 6 poisoned needles
 q - 100 stones (quivered)
Armour
 r - a +0 shield (worn)
Jewellery
 g - a ring of protection from magic (left tentacle)
 m - a +4 ring of strength (right tentacle)
Wands
 b - a wand of flame (11/48)
 c - a wand of enslavement (13/24)
 d - a wand of random effects (14/48)
Scrolls
 h - 3 scrolls of teleportation {unknown}
 j - a scroll of fear {unknown}
 k - 3 scrolls of identify {unknown}
Comestibles
 f - 2 bread rations
 n - 5 fruits
 p - 2 meat rations


   Skills:
 - Level 1.0 Fighting
 - Level 1.0 Short Blades
 - Level 2.0 Dodging
 + Level 9.2 Stealth
 - Level 3.2 Evocations


You had 5 spell levels left.
You didn't know any spells.

Dungeon Overview and Level Annotations

Branches:
Dungeon (4/15)
 Temple: D:4-7

Altars:
Kikubaaqudgha
Makhleb
Ru
Wu Jian


Innate Abilities, Weirdness & Mutations

You cannot wear most types of armour.
You are very stealthy in the water. (Stealth+)
You are amphibious.
You can wear up to eight rings at the same time.
You can use your tentacles to constrict eight enemies at once.
Your skin changes colour to match your surroundings (Stealth+).
Your rubbery body absorbs attacks. (AC +1, EV +1)


Message History

The phantom hits you but does no damage.
You spin and attack the phantom.
You closely miss the phantom.
The phantom is moderately damaged.
The phantom hits you.
* * * LOW HITPOINT WARNING * * *
The phantom blinks!
There is a stone staircase leading up here.
You spin and attack the phantom.
You closely miss the phantom.
The phantom is moderately damaged.
The phantom hits you.
* * * LOW HITPOINT WARNING * * *
You spin and attack the phantom.
You hit the phantom.
You squeeze the phantom, but do no damage.
The phantom is moderately damaged.
You block the phantom's attack.
There is a stone staircase leading up here.
You hit the phantom but do no damage.
The phantom is moderately damaged.
The phantom hits you!
You die...

#..#### .. ..##
#.....# .##....
#.....# ##......#
#.....###........
#...............
..##...............
...................
#.##...............
.........W@........
#.##....#.W........
# #..............#
..................
.#####.#..........
.............
.............
#..?..........


You could see 2 phantoms.

Vanquished Creatures
  Grinder (D:3)
  Terence (D:3)
  6 adders
  A worm (D:2)
  An orc (D:3)
  5 giant cockroaches
  5 hobgoblins
  8 jackals
  7 kobolds
  4 ball pythons
  5 bats
  4 frilled lizards
  6 goblins
  13 rats
67 creatures vanquished.

Notes
Turn   | Place    | Note
-------+----------+-------------------------------------------
     0 | D:1      | M4edhros the Octopode Artificer began the quest for the Orb.
     0 | D:1      | Reached XP level 1. HP: 13/13 MP: 3/3
    12 | D:1      | Reached skill level 2 in Stealth
    82 | D:1      | Reached XP level 2. HP: 18/18 MP: 4/4
   113 | D:2      | Reached skill level 3 in Stealth
   175 | D:2      | Found an ancient bone altar of Kikubaaqudgha.
   382 | D:2      | Found a faded altar of an unknown god.
   386 | D:2      | Reached skill level 4 in Stealth
   386 | D:2      | Reached XP level 3. HP: 23/23 MP: 5/5
   394 | D:2      | Became a worshipper of the Wu Jian Council
   394 | D:2      | Reached * piety under Wu Jian
   844 | D:2      | Reached skill level 5 in Stealth
   914 | D:3      | Found a sacrificial altar of Ru.
   960 | D:3      | Found a burning altar of Makhleb.
   967 | D:3      | Noticed Terence
   970 | D:3      | Reached XP level 4. HP: 17/28 MP: 6/6
   992 | D:3      | Killed Terence
   992 | D:3      | Reached skill level 6 in Stealth
  1805 | D:1      | Reached ** piety under Wu Jian
  1930 | D:1      | Reached XP level 5. HP: 33/33 MP: 7/7
  2464 | D:3      | Noticed Grinder
  2471 | D:3      | Reached skill level 7 in Stealth
  2493 | D:3      | Killed Grinder
  2493 | D:3      | Reached skill level 9 in Stealth
  2493 | D:3      | Reached XP level 6. HP: 7/38 MP: 8/8
  3002 | D:4      | Noticed a phantom
  3002 | D:4      | Noticed a phantom
  3037 | D:4      | Mangled by a phantom

Vault maps used:
D:1:      dpeg_arrival_prison, serial_glass, glass_columns_a, glass_columns_b,
          glass_columns_b, glass_columns_a, glass_columns_b, glass_columns_a,
          glass_columns_c, glass_columns_b, serial_bayou_lake_a
D:2:      kiku_gazebo_pond_becter, first_bread, chequers_ecumenical_altar_island
D:3:      lemuel_crystal_altar, amethyst_killhole, lemuel_statue_altar,
          uniq_terence, uniq_grinder
D:4:      lemuel_temple_firewalk_a, uniq_crazy_yiuf_cottage

Skill      XL: |  1  2  3  4  5 |
---------------+----------------+-----
Stealth        | 2 4 5 6 9 |  9.2
Fighting       | |  1.0
Short Blades   | |  1.0
Dodging        | |  2.0
Evocations     | |  3.2

Action                   |  1- 3 |  4- 6 || total
-------------------------+-------+-------++-------
Melee: Short sword       |    74 |    78 ||   152
       Constrict         |    19 |    25 ||    44
       Tentacles         |    12 |    17 ||    29
Evoke: Wand              |       |     7 ||     7
  Use: Potion            |       |     3 ||     3
 Stab: Sleeping          |    12 |    11 ||    23
  Eat: Bread ration      |       |     1 ||     1
       Chunk             |       |     2 ||     2
Armor: Skin              |    10 |    10 ||    20
Dodge: Dodged            |    45 |    41 ||    86
Block: Shield            |       |     5 ||     5
